 Dungeon Crawl Stone Soup version 0.28-a0-909-g796cbd3a86 (webtiles) character file.

Game seed: 13237219297897896447

74 horus123 the Chopper (level 4, -1/39 HPs)
             Began as a Hill Orc Fighter on Nov 24, 2021.
             Was an Initiate of the Shining One.
             Slain by Ijyb (10 damage)
             ... on level 3 of the Dungeon.
             The game lasted 00:03:21 (2536 turns).

horus123 the Chopper (Hill Orc Fighter)             Turns: 2536, Time: 00:03:21

Health: -1/39      AC:  8    Str: 19    XL:     4   Next: 30%
Magic:  4/4        EV:  9    Int: 14    God:    the Shining One [......]
Gold:   34         SH:  4    Dex: 10    Spells: 3/3 levels left

rFire   . . .      SeeInvis .   p - +0 broad axe
rCold   . . .      Faith    .   c - +0 buckler
rNeg    . . .      Spirit   .   b - +0 scale mail
rPois   .          Reflect  .   (no helmet)
rElec   .          Harm     .   (no cloak)
rCorr   .          Rampage  .   l - +0 pair of gloves
Will    .....                   (no boots)
Stlth   ..........              (no amulet)
HPRegen 0.13/turn               h - +6 ring of intelligence
MPRegen 0.09/turn               s - ring of wizardry

@: glowing
A: no striking features
a: Renounce Religion


You were on level 3 of the Dungeon.
You worshipped the Shining One.
The Shining One was noncommittal.
You visited 1 branch of the dungeon, and saw 3 of its levels.

You collected 34 gold pieces.

Inventory:

Hand Weapons
 a - a +0 war axe
 p - a +0 broad axe (weapon)
Missiles
 g - 4 javelins (quivered)
Armour
 b - a +0 scale mail (worn)
 c - a +0 buckler (worn)
 l - a +0 pair of gloves (worn)
Jewellery
 h - a +6 ring of intelligence (left hand)
 s - a ring of wizardry (right hand)
Scrolls
 n - a scroll of teleportation
Potions
 d - 2 potions of flight {unknown}
 f - a potion of mutation
 i - a potion of attraction {unknown}
 j - a potion of resistance {unknown}
 k - a potion of ambrosia {unknown}
 m - a potion of heal wounds {unknown}


   Skills:
 - Level 3.6 Fighting
 + Level 4.3 Axes
 - Level 4.1 Armour
 - Level 4.0 Shields


You had 3 spell levels left.
You didn't know any spells.
Your spell library was empty.

Dungeon Overview and Level Annotations

Branches:
Dungeon (3/15)

Altars:
Ashenzari
The Shining One

Annotations:
D:3 Ijyb


Message History

Ijyb is lightly wounded.
Ijyb hits you with a +6 club.
* * * LOW HITPOINT WARNING * * *
You barely miss Ijyb.
Ijyb is lightly wounded.
Ijyb hits you with a +6 club.
* * * LOW HITPOINT WARNING * * *
Ijyb hits you with a +6 club.
* * * LOW HITPOINT WARNING * * *
You closely miss Ijyb.
Ijyb is lightly wounded.
Ijyb hits you with a +6 club.
* * * LOW HITPOINT WARNING * * *
You hit Ijyb but do no damage.
Ijyb is lightly wounded.
You block Ijyb's attack.
You barely miss Ijyb.
Ijyb is lightly wounded.
Ijyb hits you but does no damage. x2
Unknown command.
It was a potion of curing.
You feel better. Ijyb hits you with a +6 club!
* * * LOW HITPOINT WARNING * * *
You feel better. Ijyb hits you with a +6 club.
* * * LOW HITPOINT WARNING * * *
You feel better. You block Ijyb's attack.
You feel better. Ijyb hits you with a +6 club.
You feel better. You block Ijyb's attack.
You barely miss Ijyb.
Ijyb is lightly wounded.
Ijyb hits you with a +6 club.
You are too injured to fight recklessly!
You slash Ijyb!
Ijyb is heavily wounded.
Ijyb hits you with a +6 club!
You hit Ijyb.
Ijyb is severely wounded.
Ijyb hits you with a +6 club.
* * * LOW HITPOINT WARNING * * *
Ijyb hits you with a +6 club!
You die...

#.####......#.....##.#
#..†.##.....#....##..#
###...##....#...##...#
#....##...#..##.....
#.....##,,#.##......
#......######......#
#.......#...#......#
#.#######._.########
#..@g...#...#..,...#
#.......#+####......
#......##,*,.#*.....
#.....##,,*,,.##...#
#....##,,,*,,,.##..*
#...##,,,,*,,,,,##,*
#..##,,,,,*,,,,,,***
#.##,,,,,,*,,,,,,,*
*,,,,,,,,,,,,,*****


You could see Ijyb.

Vanquished Creatures
  2 adders (D:2)
  A worm (D:2)
  An orc (D:3)
  3 bats
  5 endoplasms
  3 giant cockroaches
  5 goblins
  7 hobgoblins
  2 jackals (D:2)
  2 quokkas (D:3)
  9 ball pythons
  4 kobolds
  3 rats
47 creatures vanquished.

Notes
Turn   | Place    | Note
-------+----------+-------------------------------------------
     0 | D:1      | horus123 the Hill Orc Fighter began the quest for the Orb.
     0 | D:1      | Reached XP level 1. HP: 19/19 MP: 1/1
   386 | D:1      | Reached XP level 2. HP: 26/26 MP: 2/2
  1095 | D:2      | Reached XP level 3. HP: 14/31 MP: 3/3
  1338 | D:2      | Found a glowing golden altar of the Shining One.
  1403 | D:2      | Became a worshipper of the Shining One
  1532 | D:2      | Found a faded altar of an unknown god.
  1693 | D:2      | Reached XP level 4. HP: 39/39 MP: 4/4
  2502 | D:3      | Found a broken altar of Ashenzari.
  2513 | D:3      | Noticed Ijyb
  2526 | D:3      | HP: 1/39 [Ijyb (1)]
  2536 | D:3      | Slain by Ijyb

Illustrated notes

Levels and vault maps discovered:
D:1:      erik_arrival_orb_chamber, layout_loops_cross, serial_rivers,
          chequers_serial_rivers_small_b, chequers_serial_rivers_micro_d,
          chequers_serial_rivers_micro_e, chequers_serial_rivers_small_3,
          chequers_serial_rivers_micro_a, minmay_misc_feat_square
D:2:      layout_basic, basic_altar, basic_ecumenical_altar
D:3:      layout_loops_cross, nicolae_ashenzari_panopticon, bh_walls_and_bars,
          uniq_ijyb

Skill      XL: |  1  2  3  4 |
---------------+-------------+-----
Shields        | 4 |  4.0
Armour         | 4 |  4.1
Axes           | 3 4 |  4.3
Fighting       | |  3.6

Action                   |  1- 3 |  4- 6 || total
-------------------------+-------+-------++-------
Melee: War axe           |   100 |    21 ||   121
       Broad axe         |       |    36 ||    36
  Use: Scroll            |     2 |     5 ||     7
       Potion            |     1 |     5 ||     6
Armor: Scale mail        |    64 |    24 ||    88
Dodge: Dodged            |    54 |    25 ||    79
Block: Buckler           |    24 |    16 ||    40

Table legend: (Time is in decaauts)
 A = Elapsed time spent in this place.
 B = Non-inter-level travel time spent in this place.
 C = Inter-level travel time spent in this place.
 D = Time resting spent in this place.
 E = Time spent auto-exploring this place.
 F = Levels seen in this place.
 G = Mean time per level.
                   A        B        C        D        E       F      G
               +--------+--------+--------+--------+--------+-----+--------+
         Total |   2594 |   2544 |     50 |     34 |   2068 |   3 |  864.7 |
       Dungeon |   2594 |   2544 |     50 |     34 |   2068 |   3 |  864.7 |
               +--------+--------+--------+--------+--------+-----+--------+

Top non-repeatable levels by time:
     D:1: 1101 daAuts
     D:2: 927 daAuts
     D:3: 565 daAuts
